 Dungeon Crawl Stone Soup version 0.18.1-8-gdd0e5ea (webtiles) character file.

4869 shmeve the Fighter (level 10, -2/82 HPs)
             Began as a Demonspawn Fighter on May 21, 2016.
             Was a Priest of Trog.
             Killed from afar by an electric eel (9 damage)
             ... with a bolt of electricity
             ... on level 8 of the Dungeon.
             The game lasted 00:15:39 (7813 turns).

shmeve the Fighter (Demonspawn Fighter)             Turns: 7813, Time: 00:15:39

Health: -2/82      AC: 15    Str: 19    XL:     10   Next: 26%
Magic:  10/10      EV:  6    Int: 11    God:    Trog [***...]
Gold:   396        SH: 10    Dex: 12    Spells: 0 memorised, 9 levels left

rFire  . . .     SeeInvis .     a - +1 war axe
rCold  . . .     Gourm    .     t - +0 plate armour
rNeg   . . .     Faith    .     c - +0 shield
rPois  .         Spirit   .     (helmet restricted)
rElec  .         Dismiss  .     d - +0 cloak
rCorr  .         Reflect  .     b - +0 pair of gloves
SustAt .         Harm     .     (no boots)
MR     +....                    (no amulet)
Stlth  ..........               (no ring)
                                p - ring of protection from magic

@: exhausted, slowed, very slow, somewhat resistant to hostile enchantments,
extremely unstealthy
A: antennae 2, demonic guardian 1, foul stench 2, rot immunity
a: Berserk, Trog's Hand, Burn Spellbooks, Renounce Religion


You were on level 8 of the Dungeon.
You worshipped Trog.
Trog was most pleased with you.
You were near starving.

You visited 1 branch of the dungeon, and saw 8 of its levels.

You collected 396 gold pieces.

Inventory:

Hand Weapons
 a - a +1 war axe (weapon)
Armour
 b - a +0 pair of gloves (worn)
 c - a +0 shield (worn)
 d - a +0 cloak (worn)
 t - a +0 plate armour (worn)
Jewellery
 p - a ring of protection from magic (left hand)
Wands
 h - a wand of confusion (18/48)
 y - a wand of iceblast (2/15)
 B - a wand of slowing (27/48)
 J - a wand of polymorph (12/24)
Scrolls
 e - 3 scrolls of teleportation
 i - 4 scrolls of recharging
 k - 3 scrolls of remove curse
 s - 2 scrolls of fog {unknown}
 u - a scroll of enchant armour {unknown}
 v - 10 scrolls of identify {unknown}
 C - 4 scrolls of fear {unknown}
 D - 2 scrolls of magic mapping {unknown}
 E - a scroll of noise {unknown}
 H - a scroll of immolation {unknown}
 M - a scroll of blinking {unknown}
Potions
 j - 3 potions of curing
 l - a potion of magic {unknown}
 n - 2 potions of flight {unknown}
 o - 5 potions of lignification {unknown}
 r - a potion of mutation {unknown}
 w - 2 potions of heal wounds {unknown}
 x - a potion of berserk rage {unknown}
 z - 2 potions of resistance {unknown}
 A - a potion of ambrosia {unknown}
 F - a potion of brilliance {unknown}
 G - a potion of invisibility {unknown}
 K - 2 potions of cure mutation {unknown}
Comestibles
 f - 9 bread rations
 g - 2 meat rations
 m - 2 slices of pizza
 q - a beef jerky
 I - a royal jelly


   Skills:
 * Level 8.5 Fighting
 * Level 7.1 Axes
 + Level 5.5 Armour
 + Level 4.6 Dodging
 * Level 7.3 Shields


You had 9 spell levels left.
You didn't know any spells.

Dungeon Overview and Level Annotations

Branches:
Dungeon (8/15)             Temple (0/1) D:4            Lair (0/8) D:8

Altars:
Ashenzari
Cheibriados
Elyvilon
Fedhas
Makhleb
Nemelex Xobeh
Sif Muna
Trog
Vehumet
Yredelemnul


Innate Abilities, Weirdness & Mutations

You have a pair of antennae on your head.
A weak demonic guardian rushes to your aid.
You frequently emit foul miasma when damaged in melee.
You are immune to rotting.


Message History

You closely miss the jackal. You block the jackal's attack.
You closely miss the jackal. The jackal closely misses you.
Unknown command.
You slash the jackal!
You kill the jackal!
Trog accepts your kill.
You enter the shallow water.
Moving in this stuff is going to be slow.
You are no longer berserk.
You are exhausted.
You feel yourself slow down.
You are near starving!
The electric eel shoots out a bolt of lightning at you!
The bolt of electricity hits you!
* * * LOW HITPOINT WARNING * * *
You see here a jackal corpse.
Your unstable footing causes you to fumble your attack.
The electric eel shoots out a bolt of lightning at you!
The bolt of electricity hits you!
You die...

≈...+.... .. ....#...##
#.. #......... ..# ..
#........# #.# ...
#........# #.#+#+#.#
.......≈.#####.......###
.....≈≈≈†'..............
.....≈;†.####.......##..
.....≈≈@.# #...........
......≈≈..# #.#.......##
......≈≈..# #.#.......##
≈......[..# #.##.....##.
≈≈≈........ #.####.###..
≈≈≈≈........#.##........
≈≈≈.........#.#.........
≈≈≈.........#.#...###..#
##....##|#


You could see an electric eel.

Vanquished Creatures
  The ghost of tbh1313 the Bludgeoner, a novice OgGl of Okawaru (D:7)
  An unseen horror (D:8)
  An elephant (D:8)
  Joseph (D:7)
  A troll (D:5)
  Sigmund (D:5)
  A hippogriff (D:7)
  An orc warrior (D:8)
  An ice beast (D:6)
  3 sky beasts
  2 ogres (D:7)
  A phantom (D:6)
  2 crocodiles (D:8)
  A centaur (D:3)
  Blork the orc (D:5)
  3 giant frogs
  3 scorpions
  A howler monkey (D:6)
  A giant frog zombie (D:6)
  A centaur zombie (D:7)
  A crimson imp (D:5)
  3 centaur skeletons
  2 jellies (D:5)
  3 orc wizards
  A quasit (D:7)
  2 hounds
  A gnoll shaman (D:5)
  An orc priest (D:8)
  Crazy Yiuf (D:5)
  3 giant frog skeletons
  5 iguanas
  3 worker ants
  A killer bee zombie (D:5)
  11 gnolls
  6 adders
  5 shadow imps
  An ooze (D:1)
  2 adder zombies
  A worm (D:4)
  3 dart slugs (D:2)
  A giant gecko (D:4)
  26 orcs
  5 ball pythons
  7 giant cockroaches
  8 hobgoblins
  7 jackals
  9 kobolds
  2 quokkas
  8 bats
  A giant gecko zombie (D:5)
  A giant newt (D:3)
  4 goblins
  A quokka skeleton (D:5)
  A quokka zombie (D:7)
  10 rats
175 creatures vanquished.

Vanquished Creatures (collateral kills)
  A mottled dragon (D:8)
  A sky beast (D:7)
  An orc priest (D:8)
  An orc wizard (D:8)
  A worker ant (D:6)
  An orc (D:7)
6 creatures vanquished.

Vanquished Creatures (others)
  An orc wizard (D:7)
  A jackal (D:8)
2 creatures vanquished.

Grand Total: 183 creatures vanquished

Notes
Turn   | Place    | Note
--------------------------------------------------------------
     0 | D:1      | shmeve the Demonspawn Fighter began the quest for the Orb.
     0 | D:1      | Reached XP level 1. HP: 18/18 MP: 1/1
    66 | D:1      | Gained mutation: You are immune to rotting. [demonic ancestry]
    66 | D:1      | Reached XP level 2. HP: 21/24 MP: 2/2
   743 | D:2      | Found a basalt altar of Yredelemnul.
   749 | D:2      | Gained mutation: You have a pair of small antennae on your head. [demonic ancestry]
   749 | D:2      | Reached XP level 3. HP: 28/29 MP: 3/3
  1288 | D:2      | Found a snail-covered altar of Cheibriados.
  1288 | D:2      | Found a white marble altar of Elyvilon.
  1425 | D:2      | Reached XP level 4. HP: 27/37 MP: 4/4
  1432 | D:2      | Found a radiant altar of Vehumet.
  1432 | D:2      | Found a blossoming altar of Fedhas.
  1469 | D:2      | Found a bloodstained altar of Trog.
  1547 | D:2      | Became a worshipper of Trog the Wrathful
  1723 | D:3      | Reached skill level 1 in Dodging
  1732 | D:3      | Reached skill level 4 in Fighting
  2117 | D:3      | Gained mutation: A weak demonic guardian rushes to your aid. [demonic ancestry]
  2117 | D:3      | Reached XP level 5. HP: 29/42 MP: 5/5
  2118 | D:3      | Noticed a centaur
  2129 | D:3      | Killed a centaur
  2458 | D:4      | Got a polished ring mail
  2469 | D:4      | Identified the cursed +1 ring mail of Patterns {Str+3 Int+3} (You found it on level 4 of the Dungeon)
  2473 | D:4      | Found a staircase to the Ecumenical Temple.
  2483 | D:4      | Reached * piety under Trog
  2483 | D:4      | Reached XP level 6. HP: 33/48 MP: 6/6
  3370 | D:5      | Entered Level 5 of the Dungeon
  3596 | D:5      | Gained mutation: You may emit foul miasma when damaged in melee. [demonic ancestry]
  3596 | D:5      | Reached XP level 7. HP: 55/55 MP: 7/7
  3607 | D:5      | Noticed Blork the orc
  3615 | D:5      | Killed Blork the orc
  3695 | D:5      | Reached skill level 5 in Fighting
  3800 | D:5      | Noticed Sigmund
  3805 | D:5      | Killed Sigmund
  3807 | D:5      | Reached ** piety under Trog
  3973 | D:5      | Found a shattered altar of Ashenzari.
  4036 | D:5      | Reached XP level 8. HP: 46/63 MP: 8/8
  4301 | D:5      | Noticed Crazy Yiuf
  4309 | D:5      | Killed Crazy Yiuf
  4309 | D:5      | Reached skill level 5 in Shields
  4344 | D:5      | Found a sparkling altar of Nemelex Xobeh.
  4726 | D:5      | Noticed a troll
  4737 | D:5      | Killed a troll
  4737 | D:5      | Reached skill level 6 in Fighting
  5463 | D:6      | Reached skill level 5 in Axes
  6191 | D:6      | Gained mutation: You have a pair of antennae on your head. [demonic ancestry]
  6191 | D:6      | Reached XP level 9. HP: 54/71 MP: 9/9
  6552 | D:7      | Reached skill level 7 in Fighting
  6586 | D:7      | Noticed Joseph
  6598 | D:7      | Killed Joseph
  6773 | D:7      | Reached *** piety under Trog
  6775 | D:7      | Reached skill level 5 in Armour
  6982 | D:7      | Found a burning altar of Makhleb.
  7023 | D:7      | Noticed tbh1313's ghost (novice OgGl)
  7040 | D:7      | Killed tbh1313's ghost
  7040 | D:7      | Reached skill level 8 in Fighting
  7195 | D:7      | Found a deep blue altar of Sif Muna.
  7499 | D:8      | Found a staircase to the Lair.
  7499 | D:8      | Noticed an elephant
  7512 | D:8      | Killed an elephant
  7512 | D:8      | Gained mutation: You frequently emit foul miasma when damaged in melee. [demonic ancestry]
  7512 | D:8      | Reached XP level 10. HP: 80/80 MP: 10/10
  7560 | D:8      | Killed an unseen horror
  7813 | D:8      | Killed from afar by an electric eel

Skill      XL: |  1  2  3  4  5  6  7  8  9 10 |
---------------+-------------------------------+-----
Axes           | 2 3 4 5 6 7 |  7.1
Shields        | 3 4 5 7 |  7.3
Armour         | 3 4 5 |  5.5
Dodging        | 1 2 3 4 |  4.6
Fighting       | 4 5 6 8 |  8.5

Action                   |  1- 3 |  4- 6 |  7- 9 | 10-12 || total
-------------------------+-------+-------+-------+-------++-------
Melee: War axe           |   114 |   160 |   380 |    43 ||   697
Invok: Berserk           |       |       |     6 |     2 ||     8
       Burn Spellbooks   |       |       |     1 |       ||     1
       Trog's Hand       |       |       |       |     2 ||     2
Evoke: Wand              |       |     1 |     3 |       ||     4
  Use: Potion            |       |     1 |       |       ||     1
       Scroll            |       |     4 |       |       ||     4
 Stab: Distracted        |       |     1 |     2 |       ||     3
       Confused          |       |       |     1 |       ||     1
  Eat: Chunk             |     2 |     7 |    15 |     1 ||    25
       Beef jerky        |       |       |     1 |     1 ||     2
       Fruit             |       |       |     3 |       ||     3
Armor: Scale mail        |    65 |    10 |       |       ||    75
       Plate armour      |       |    92 |   244 |    39 ||   375
       Ring mail         |       |     3 |       |       ||     3
Dodge: Dodged            |    51 |    26 |    95 |    11 ||   183
Block: Shield            |    85 |    77 |   223 |    26 ||   411
